 Dungeon Crawl Stone Soup version 0.27.1-33-g824d729ab1 (webtiles) character file.

Game seed: 5581110982651379727

6 Holzbalken the Cudgeller (level 1, -1/16 HPs)
             Began as a Demonspawn Gladiator on Dec 7, 2021.
             Slain by a kobold (4 damage)
             ... on level 1 of the Dungeon.
             The game lasted 00:01:10 (298 turns).

Holzbalken the Cudgeller (Demonspawn Gladiator)      Turns: 298, Time: 00:01:10

Health: -1/16      AC:  4    Str: 14    XL:     1   Next: 75%
Magic:  1/1        EV: 11    Int:  9    God:
Gold:   16         SH:  3    Dex: 14    Spells: 0/0 levels left

rFire    . . .     SeeInvis .   a - +0 flail
rCold    . . .     Faith    .   e - +0 buckler
rNeg     . . .     Spirit   .   b - +0 leather armour
rPois    .         Reflect  .   c - +0 helmet
rElec    .         Harm     .   (no cloak)
rCorr    .         Rampage  .   (no gloves)
Will     .....                  (no boots)
Stlth    +.........             (no amulet)
HPRegen  0.05/turn              (no ring)
MPRegen  0.07/turn              (no ring)

@: no status effects
A: no striking features
a: no special abilities


You were on level 1 of the Dungeon.
You visited 1 branch of the dungeon, and saw 1 of its levels.

You collected 16 gold pieces.

Inventory:

Hand Weapons
 a - a +0 flail (weapon)
Missiles
 d - 3 throwing nets (quivered)
Armour
 b - a +0 leather armour (worn)
 c - a +0 helmet (worn)
 e - a +0 buckler (worn)


   Skills:
 - Level 2.0 Fighting
 * Level 3.1 Maces & Flails
 - Level 1.7 Throwing
 - Level 2.6 Dodging
 + Level 0.1 Shields


You couldn't memorise any spells.
You didn't know any spells.
Your spell library was empty.

Dungeon Overview and Level Annotations

Branches:
Dungeon (1/15)

Altars:


Message History

You continue putting on your +0 buckler. x4
You finish putting on your +0 buckler.
Setting a skill training target for Shields at 4.0.
Setting a skill training target for Maces & Flails at 14.0.
A bat comes into view.
The bat closely misses you.
You miss the bat. The bat hits you. The bat hits you but does no damage.
The bat closely misses you. The bat completely misses you.
You hit the bat.
You kill the bat!
You see here 23 bolts.
A kobold comes into view. It is wielding a +0 club.
The kobold shouts!
A quokka comes into view.
Found a metallic black potion.
The kobold barely misses you.
You closely miss the kobold. The kobold hits you with a +0 club.
The kobold closely misses you.
You closely miss the kobold. You block the kobold's attack.
You block the quokka's attack.
You closely miss the kobold. The quokka bites you.
The kobold hits you with a +0 club.
You hit the kobold but do no damage. The quokka bites you.
The kobold closely misses you. You block the quokka's attack.
The kobold barely misses you.
You barely miss the kobold. The quokka closely misses you.
The kobold closely misses you. The quokka misses you.
You miss the kobold. The quokka bites you. The kobold barely misses you.
The quokka barely misses you. The quokka barely misses you.
You hit the quokka.
You kill the quokka!
You hit the kobold.
The kobold is heavily wounded.
The kobold hits you with a +0 club.
* * * LOW HITPOINT WARNING * * *
The kobold barely misses you.
You barely miss the kobold.
The kobold is heavily wounded.
The kobold hits you with a +0 club.
You die...

.# ########.#
#........# #........#
#........# #######
#........#
#.....####.(......#
#.......@K..#####.# .
#.....#####.#### .# ...
#.....##.......##.#...!
#.....##.......#.......
#......>...............
#......................
####...................
#..........####.......
#..........# ####...


You could see a kobold.

Vanquished Creatures
  A goblin (D:1)
  A kobold (D:1)
  A quokka (D:1)
  A bat (D:1)
  A frilled lizard (D:1)
  A rat (D:1)
6 creatures vanquished.

Notes
Turn   | Place    | Note
-------+----------+-------------------------------------------
     0 | D:1      | Holzbalken the Demonspawn Gladiator began the quest for the
                  | Orb.
     0 | D:1      | Reached XP level 1. HP: 16/16 MP: 1/1
   208 | D:1      | Reached skill level 3 in Maces & Flails
   298 | D:1      | Slain by a kobold

Illustrated notes

Levels and vault maps discovered:
D:1:      dpeg_arrival_snail, layout_basic,
          shapermc_ecumenical_altar_mp_urbaneastern

Skill      XL: |  1 |
---------------+----+-----
Maces & Flails | 3 |  3.1
Fighting       | |  2.0
Throwing       | |  1.7
Dodging        | |  2.6
Shields        | |  0.1

Action                   || total
-------------------------++-------
Melee: Flail             ||    22
Armor: Leather armour    ||     4
Dodge: Dodged            ||    23
Block: Buckler           ||     3
